Map: King's Cove LE

Players

DnS

  • Race: Protoss Protoss
  • Spawn Location: 11:00

Denver - Winner!

  • Race: Zerg Zerg
  • Spawn Location: 5:00

Event: 2019 WCS Summer

VOD

Have the link to the VOD?

Description

Time

  • Played on: July 13, 2019, 10:40 a.m.
  • Length: 10:44

All games in this series

Show
View Real Time Build Order
Export as new Build Order

DnS Protoss 

Build Orders: Oracle Opening, Zealot Archon 

Get SALT Encoding   

  12  0:00  Probe  
  13  0:12  Probe  
  14  0:18  Pylon  
  14  0:24  Probe  
  15  0:32  Probe  
  15  0:38  Gateway  
  15  0:40  Probe  
  16  0:48  Assimilator  
  17  0:51  Probe  
  18  1:03  Probe  
  19  1:15  Probe  
  20  1:19  Zealot  
  20  1:31  Pylon  
  20  1:32  Cybernetics Core  
  22  1:35  Gateway  
  22  1:37  Probe  
  23  1:45  Assimilator  
  23  1:50  Zealot  
  25  1:54  Probe  
  26  2:06  Probe  
  27  2:17  Adept  
  30  2:23  Adept  
  30  2:25  Pylon  
  31  2:43  Probe  
  32  2:52  Nexus  
  32  2:53  Warp Gate  
  32  2:55  Probe  
  33  3:04  Probe  
  33  3:06  Stargate  
  34  3:12  Probe  
  34  3:17  Stalker  
  37  3:22  Probe  
  38  3:28  Pylon  
  38  3:30  Probe  
  39  3:42  Probe  
  40  3:55  Oracle  
  40  4:00  Probe, Pylon  
  40  4:01  Pylon  
  32  4:12  Probe  
  32  4:16  Pylon  
  31  4:25  Probe  
  32  4:36  Probe  
  32  4:38  Oracle  
  36  4:40  Probe  
  37  4:47  Sentry  
  39  4:59  Probe  
  39  5:01  Probe  
  39  5:03  Gateway  
  41  5:07  Probe  
  41  5:11  Probe  
  43  5:15  Probe  
  43  5:19  Probe  
  44  5:21  Sentry  
  44  5:27  Probe x2  
  49  5:39  Probe x2  
  51  5:49  Assimilator x2  
  51  5:51  Probe x2  
  51  5:56  Robotics Facility  
  53  6:03  Probe  
  53  6:04  Probe  
  55  6:11  Probe  
  55  6:14  Twilight Council  
  55  6:16  Probe  
  57  6:19  Probe  
  57  6:21  Pylon  
  58  6:27  Gateway x2  
  58  6:28  Probe  
  58  6:30  Probe  
  60  6:40  Probe  
  60  6:43  Warp Prism  
  60  6:47  Charge  
  63  6:54  Templar Archives  
  63  6:56  Probe  
  63  6:58  Gateway x2  
  64  7:11  Zealot x2  
  68  7:16  Probe x2  
  68  7:18  Pylon  
  70  7:25  Pylon  
  70  7:34  Pylon  
  70  7:39  Zealot  
  72  7:45  Phoenix  
  74  7:51  High Templar  
  74  7:52  High Templar x3  
  74  7:54  Zealot  
  74  7:56  Archon  
  74  7:57  Archon  
  84  8:00  Nexus  
  84  8:03  Pylon  
  84  8:08  Probe x2  
  87  8:23  Zealot  
  87  8:24  Zealot x5  
  99  8:30  Observer  
  99  8:31  Probe x2  
  101  8:43  Probe, Pylon  
  101  8:45  Pylon  
  102  8:51  Probe  
  102  8:52  Immortal  
  99  8:55  Probe  
  99  8:56  Sentry  
  99  8:59  Pylon  
  106  9:02  High Templar x2  
  106  9:03  Probe  
  106  9:04  Shield Battery  
  106  9:07  Archon  
  106  9:09  High Templar x2  
  115  9:11  Shield Battery  
  115  9:12  Shield Battery  
  115  9:13  Archon  
  115  9:14  Zealot  
  109  9:21  Shield Battery  
  107  9:28  Zealot, Immortal  
  90  9:37  Zealot x3  
  68  9:42  Zealot x2  
  69  9:49  Sentry  
  69  9:58  Sentry x2  
  69  9:59  Zealot  
  67  10:04  Zealot x2  
  64  10:13  Zealot  
Show
View Real Time Build Order
Export as new Build Order

Denver Zerg - Winner!

Build Orders: 3 Hatch before Pool 

Get SALT Encoding   

  12  0:00  Drone  
  13  0:13  Overlord  
  13  0:18  Drone  
  14  0:31  Drone x2  
  16  0:50  Hatchery  
  16  0:53  Drone  
  17  0:57  Drone  
  17  1:21  Hatchery  
  17  1:23  Drone  
  17  1:27  Extractor  
  16  1:38  Spawning Pool  
  15  1:42  Drone  
  15  1:46  Drone  
  17  1:51  Drone  
  18  1:54  Drone  
  19  2:03  Drone  
  20  2:09  Drone  
  21  2:25  Queen x2  
  21  2:28  Drone  
  26  2:31  Overlord  
  26  2:35  Metabolic Boost  
  28  2:37  Zergling x2  
  28  2:41  Overlord  
  29  2:51  Zergling x8  
  32  2:58  Zergling x2  
  32  3:05  Hatchery  
  31  3:11  Zergling x4  
  33  3:16  Zergling x2  
  34  3:21  Zergling x2  
  34  3:25  Zergling x2  
  36  3:29  Zergling x2  
  37  3:34  Zergling x10  
  40  3:52  Zergling x2  
  40  3:53  Zergling x6  
  40  3:54  Overlord  
  43  4:07  Zergling x4  
  43  4:09  Overlord  
  43  4:13  Overlord  
  40  4:21  Drone x6  
  44  4:27  Drone  
  44  4:30  Drone  
  44  4:38  Drone  
  44  4:41  Drone x2  
  44  4:42  Drone  
  44  4:45  Zergling x6  
  48  4:50  Drone x2  
  47  4:55  Drone x3  
  47  4:58  Drone  
  50  5:01  Lair  
  50  5:05  Drone x2  
  52  5:09  Drone  
  52  5:10  Spore Crawler  
  52  5:12  Spore Crawler  
  52  5:14  Drone  
  52  5:15  Drone  
  52  5:18  Drone  
  52  5:19  Drone  
  55  5:23  Drone  
  55  5:24  Drone x3  
  55  5:36  Drone x5  
  55  5:37  Queen  
  59  5:44  Spore Crawler  
  59  5:47  Drone x4  
  59  5:48  Drone x2  
  61  5:58  Drone x3  
  61  6:05  Hydralisk Den, Drone  
  61  6:08  Extractor  
  61  6:10  Extractor  
  61  6:11  Drone x2  
  61  6:16  Drone x2  
  61  6:18  Extractor, Overlord  
  63  6:22  Spore Crawler  
  61  6:25  Drone, Extractor  
  61  6:28  Drone x2, Overseer  
  61  6:30  Drone x3  
  60  6:43  Drone x3  
  60  6:45  Drone x5  
  68  6:49  Drone x2  
  68  6:55  Muscular Augments  
  68  6:58  Drone x2  
  70  7:03  Baneling Nest  
  70  7:04  Hydralisk  
  70  7:07  Drone x2  
  73  7:08  Drone  
  73  7:13  Overseer, Extractor  
  73  7:15  Hydralisk x2  
  77  7:17  Overlord  
  77  7:22  Hydralisk x2  
  77  7:26  Overlord  
  77  7:28  Overseer  
  81  7:32  Overlord  
  81  7:33  Overlord  
  81  7:38  Hydralisk x3  
  81  7:41  Hydralisk  
  81  7:43  Overlord  
  87  7:47  Hydralisk x2  
  87  7:50  Hydralisk  
  93  7:55  Hydralisk  
  93  7:56  Hydralisk  
  97  8:00  Hydralisk  
  97  8:01  Hydralisk  
  97  8:05  Hydralisk  
  102  8:08  Baneling x5  
  102  8:23  Zergling x22, Grooved Spines  
  113  8:31  Baneling x4  
  113  8:32  Overlord  
  113  8:34  Overlord  
  113  8:41  Overlord  
  113  8:50  Overlord  
  113  8:51  Overseer, Overlord  
  113  8:52  Overlord  
  113  8:54  Hydralisk x2  
  113  8:55  Hydralisk x2  
  119  9:02  Zergling x12  
  125  9:04  Baneling x2  
  125  9:12  Baneling x13  
  123  9:21  Zergling x14  
  127  9:28  Zergling x6  
  122  9:35  Zergling x12  
  122  9:39  Hydralisk x3  
  128  9:46  Baneling x3, Infestation Pit  
  126  9:55  Zergling x12  
  127  10:01  Hydralisk x3  
  131  10:07  Hydralisk x2  
  129  10:16  Zergling x14  
Tags
 
Add a new tag
Caveats
  • Supply blocks, unpowered buildings, or Contaminate may cause inaccurate times.
  • Supply counts are checked every 10 seconds.